 Dungeon Crawl Stone Soup version 0.24.0-123-gd5b16e6ec5 (webtiles) character file.

Game seed: 5027083743747502592, levelgen mode: deterministic

1264 Bergy the Basher (level 8, -1/46 HPs)
             Began as a Gargoyle Fighter on Dec 28, 2019.
             Was an Initiate of Makhleb.
             Slain by an unseen horror (4 damage)
             ... on level 7 of the Dungeon.
             The game lasted 00:15:11 (5565 turns).

Bergy the Basher (Gargoyle Fighter)                 Turns: 5565, Time: 00:15:13

Health: -1/46      AC: 11    Str: 25    XL:     8   Next: 52%
Magic:  8/8        EV:  8    Int: 10    God:    Makhleb [......]
Gold:   285        SH:  9    Dex:  9    Spells: 7/7 levels left

rFire    + . .     SeeInvis .   v - +2 flail (holy)
rCold    . . .     Gourm    .   c - +0 shield
rNeg     + . .     Faith    .   y - +0 robe of Bitterness {rF+ rCorr Str+4}
rPois    ∞         Spirit   .   z - +2 helmet "Itaud" {rElec}
rElec    +         Reflect  .   (no cloak)
rCorr    +         Harm     .   (no gloves)
MR       .....                  (no boots)
Stlth    ++........             (no amulet)
HPRegen  0.15/turn              l - ring of stealth
MPRegen  0.11/turn              (no ring)

@: about to teleport, marked
A: negative energy resistance 1, electricity resistance, unbreathing,
petrification resistance, rot immunity, AC +5
a: Renounce Religion


You were on level 7 of the Dungeon.
You worshipped Makhleb.
Makhleb was noncommittal.
You were not hungry.

You visited 2 branches of the dungeon, and saw 8 of its levels.

You collected 285 gold pieces.

Inventory:

Hand Weapons
 n - a +2 flail of draining
 v - a +2 flail of holy wrath (weapon)
Armour
 c - a +0 shield (worn)
 q - a +0 plate armour
 y - the +0 robe of Bitterness (worn) {rF+ rCorr Str+4}
   (You found it on level 6 of the Dungeon)

   It affects your strength (+4).
   It protects you from fire.
   It provides partial protection from all sources of acid and corrosion.
 z - the +2 helmet "Itaud" (worn) {rElec}
   (You found it on level 6 of the Dungeon)

   It insulates you from electricity.
Jewellery
 l - a ring of stealth (left hand)
Wands
 b - a wand of digging (4)
 t - a wand of polymorph (5)
 x - a wand of iceblast (6)
Scrolls
 e - 4 scrolls of remove curse
 h - a scroll of enchant armour {unknown}
 i - 2 scrolls of teleportation
 o - 2 scrolls of magic mapping {unknown}
 p - a scroll of blinking {unknown}
 s - 3 scrolls of noise {unknown}
 w - a scroll of amnesia {unknown}
Potions
 a - 3 potions of curing
 d - 2 potions of might
 g - 2 potions of agility {unknown}
 m - a potion of flight {unknown}
 u - a potion of degeneration {unknown}
Comestibles
 f - 10 rations


   Skills:
 - Level 3.2 Fighting
 * Level 10.2 Maces & Flails
 - Level 3.2 Armour
 - Level 3.2 Shields


You had 7 spell levels left.
You didn't know any spells.
Your spell library contained the following spells:

 Spells                   Type           Power        Failure   Level  Hunger
 Sandblast                Erth           #.....       86%         1    ##.....
 Sting                    Conj/Pois      #...         86%         1    ##.....
 Passwall                 Tmut/Erth      #.......     95%         2    ###....
 Leda's Liquefaction      Hex/Erth       #.........   100%        4    #####..
 Borgnjor's Vile Clutch   Necr/Erth      #.........   100%        5    ######.
 Venom Bolt               Conj/Pois      #.........   100%        5    ######.


Dungeon Overview and Level Annotations

Branches:
Dungeon (7/15)             Temple (1/1) D:6

Altars:
Ashenzari
Cheibriados
Dithmenos
Elyvilon
Fedhas
Gozag
Kikubaaqudgha
Makhleb
Nemelex Xobeh
Okawaru
Qazlal
Ru
Sif Muna
Trog
Uskayaw
Vehumet
Wu Jian
Xom
Yredelemnul
Zin
The Shining One


Innate Abilities, Weirdness & Mutations

You are resistant to torment.
Your stone body is resilient. (AC +5)
You are immune to poison.
You resist negative energy. (rN+)
You are resistant to electric shocks. (rElec)
You can survive without breathing.
You are immune to petrification.
You are immune to rotting.


Message History

Something hits you but does no damage. The centaur skeleton hits you.
You sock the centaur skeleton!
The centaur skeleton convulses!!
You destroy the centaur skeleton!
Makhleb accepts your kill.
Something hits you but does no damage. x2; You block something's attack.
As you read the scroll of teleportation, it crumbles to dust.
You feel strangely unstable. Something hits you. x3
* * * LOW HITPOINT WARNING * * *
You feel better. Something completely misses you. You block something's attack.
The hippogriff bites you but does no damage.
The hippogriff pecks you.
The hippogriff claws you but does no damage.
Something hits you but does no damage.
You miss something. Something hits you!
* * * LOW HITPOINT WARNING * * *
Something hits you but does no damage. The hippogriff bites you!
* * * LOW HITPOINT WARNING * * *
The hippogriff closely misses you. The hippogriff completely misses you.
Something hits you.
You die...

###########.####.##
(...........# #.#
############# #.#
#.# ##.#####.#
#........#
#..####### #.H#
#.@# #.(# #...
#.#.# #. >? ## ..#
..# ...


You could see a hippogriff.

Vanquished Creatures
  A water moccasin (D:5)
  An ogre (D:4)
  2 big kobolds
  2 bullfrogs
  A scorpion (D:6)
  2 howler monkeys
  A bullfrog zombie (D:6)
  A centaur skeleton (D:7)
  3 hounds
  2 orc priests
  A quasit (D:6)
  A bullfrog skeleton (D:5)
  2 iguanas
  An orc wizard (D:3)
  5 worker ants
  4 gnolls (D:5)
  2 adders
  2 shadow imps (D:6)
  3 oozes
  2 adder skeletons
  4 worms
  2 dart slugs
  7 leopard geckos
  13 orcs
  A ball python (D:2)
  7 giant cockroaches
  5 goblins
  5 hobgoblins
  14 jackals
  18 kobolds
  A quokka (D:4)
  3 bats
  6 frilled lizards
  A leopard gecko skeleton (D:4)
  A quokka skeleton (D:7)
  A rat (D:2)
128 creatures vanquished.

Notes
Turn   | Place    | Note
-------+----------+-------------------------------------------
     0 | D:1      | Bergy the Gargoyle Fighter began the quest for the Orb.
     0 | D:1      | Reached XP level 1. HP: 14/14 MP: 1/1
    84 | D:1      | Reached XP level 2. HP: 19/19 MP: 2/2
   196 | D:1      | Reached skill level 3 in Maces & Flails
   332 | D:1      | Reached XP level 3. HP: 17/23 MP: 3/3
  1243 | D:2      | Reached skill level 4 in Maces & Flails
  1248 | D:2      | Reached XP level 4. HP: 28/28 MP: 4/4
  2099 | D:3      | Reached skill level 5 in Maces & Flails
  2099 | D:3      | Reached XP level 5. HP: 32/32 MP: 5/5
  2647 | D:4      | Reached skill level 6 in Maces & Flails
  2659 | D:4      | Reached XP level 6. HP: 36/37 MP: 6/6
  2871 | D:4      | Reached skill level 7 in Maces & Flails
  2879 | D:4      | Reached XP level 7. HP: 39/41 MP: 7/7
  3096 | D:5      | Entered Level 5 of the Dungeon
  3746 | D:5      | Reached skill level 8 in Maces & Flails
  4233 | D:6      | Reached skill level 9 in Maces & Flails
  4233 | D:6      | Reached XP level 8. HP: 41/46 MP: 8/8
  4371 | D:6      | Got a fine robe
  4377 | D:6      | Identified the +0 robe of Bitterness {rF+ rCorr Str+4} (You
                  | found it on level 6 of the Dungeon)
  4601 | D:6      | Identified Lee's Disquisition on Dusty Conjuration
  4780 | D:6      | Got an ancient helmet
  4799 | D:6      | Identified the +2 helmet "Itaud" {rElec} (You found it on
                  | level 6 of the Dungeon)
  4870 | D:6      | Found a staircase to the Ecumenical Temple.
  4878 | Temple   | Entered the Ecumenical Temple
  5131 | Temple   | Became a worshipper of Makhleb the Destroyer
  5532 | D:7      | Reached skill level 10 in Maces & Flails
  5553 | D:7      | Noticed a hippogriff
  5565 | D:7      | Slain by an unseen horror

Levels and vault maps discovered:
D:1:      minmay_arrival_split_and_join, layout_basic, nrook_campfire
D:2:      layout_rooms
D:3:      layout_basic
D:4:      layout_basic, first_ration
D:5:      layout_loops_corners
D:6:      layout_basic, minmay_temple_entry_glassed_door, grunt_ministairs_7,
          minmay_misc_feat_pillars
D:7:      minmay_cornered_nines, layout_loops_ring, the_bakery
Temple:   nicolae_temple_the_god_donut

Skill      XL: |  1  2  3  4  5  6  7  8 |
---------------+-------------------------+-----
Maces & Flails | 3 4 5 6 7 9 10 | 10.2
Fighting       | |  3.2
Armour         | |  3.2
Shields        | |  3.2

Action                   |  1- 3 |  4- 6 |  7- 9 || total
-------------------------+-------+-------+-------++-------
Melee: Flail             |   137 |   172 |   167 ||   476
  Use: Scroll            |     1 |     2 |     5 ||     8
       Potion            |       |       |     2 ||     2
 Stab: Sleeping          |       |       |     3 ||     3
  Eat: Chunk             |     1 |     6 |     5 ||    12
       Ration            |       |       |     1 ||     1
Armor: Scale mail        |    65 |    95 |    47 ||   207
       Robe              |       |       |    41 ||    41
Dodge: Dodged            |    32 |    56 |    41 ||   129
Block: Shield            |    57 |    96 |    62 ||   215
